 Dungeon Crawl Stone Soup version 0.31-a0-229-g1fc7ce9 (webtiles) character file.

Game seed: 6667230709208773302

84 Dawnplanks the Gusty (level 4, 0/24 HPs)
             Began as a Tengu Air Elementalist on July 6, 2023.
             Splashed by a jelly's acid (9 damage)
             ... on level 4 of the Dungeon.
             The game lasted 00:03:33 (3069 turns).

Dawnplanks the Gusty (Tengu Air Elementalist)       Turns: 3069, Time: 00:03:35

Health: 0/24       AC:  2    Str:  8    XL:     4   Next: 45%
Magic:  5/9        EV: 13    Int: 18    God:
Gold:   101        SH:  0    Dex: 20    Spells: 4/8 levels left

rFire   . . .        i - staff of air
rCold   . . .        (no shield)
rNeg    . . .        a - +0 robe
rPois   .            (helmet restricted)
rElec   +            (no cloak)
rCorr   .            (no gloves)
SInv    +            (boots unavailable)
Will    .....        l - amulet of regeneration
Stlth   ++           h - ring of see invisible
HPRegen 1.04/turn    r - +6 ring of dexterity
MPRegen 0.11/turn

%: no passive effects
@: no status effects
A: beak, talons 3
a: no special abilities


You were on level 4 of the Dungeon.
You visited 1 branch of the dungeon, and saw 4 of its levels.

You collected 101 gold pieces.

Inventory:

Armour
 a - a +0 robe (worn)
Magical Staves
 i - a staff of air (weapon)
Jewellery
 h - a ring of see invisible (left hand)
 l - an amulet of regeneration (around neck)
 q - a ring of resist corrosion
 r - a +6 ring of dexterity (right hand)
Scrolls
 c - a scroll of poison {unknown}
 d - 2 scrolls of revelation {unknown}
 e - a scroll of amnesia {unknown}
 j - a scroll of silence {unknown}
 k - a scroll of blinking {unknown}
 m - a scroll of identify {unknown}
 n - a scroll of acquirement {unknown}
 p - a scroll of teleportation {unknown}
 s - a scroll of noise {unknown}
Potions
 b - a potion of magic
 f - a potion of haste {unknown}
 g - a potion of degeneration {unknown}
 o - a potion of attraction {unknown}
 t - a potion of curing {unknown}


   Skills:
 + Level 0.1 Fighting
 + Level 2.7 Dodging
 + Level 2.1 Stealth
 + Level 2.9 Spellcasting
 + Level 2.1 Conjurations
 + Level 5.2 Air Magic


You had 4 spell levels left.
You knew the following spells:

 Your Spells              Type           Power      Damage    Failure   Level
a - Shock                 Conj/Air       92%        1d8       3%          1
b - Mephitic Cloud        Conj/Pois/Air  17%        N/A       19%         3

Your spell library contained the following spells:

 Spells                   Type           Power      Damage    Failure   Level
 Static Discharge         Conj/Air       46%        2-4/arc   5%          2
 Swiftness                Air            32%        N/A       6%          3
 Magic Dart               Conj           40%        1d5       7%          1
 Searing Ray              Conj           20%        2d5       11%         2
 Apportation              Tloc           4%         N/A       17%         1
 Necrotise                Necr           8%         1d4       17%         1
 Summon Small Mammal      Summ           8%         N/A       17%         1
 Airstrike                Air            16%        2d(3-19)  19%         4
 Call Imp                 Summ           4%         N/A       26%         2
 Call Canine Familiar     Summ           2%         N/A       45%         3
 Summon Guardian Golem    Hex/Summ       2%         N/A       45%         3
 Fulminant Prism          Conj/Hex       3%         3d5       71%         4


Dungeon Overview and Level Annotations

Branches:
Dungeon (4/15)
 Temple: D:4-7

Altars:
Elyvilon


Innate Abilities, Weirdness & Mutations

You have a beak for a mouth.
You have claws for feet.


Message History

You now have 101 gold pieces (gained 7).
You pick up a book of Cantrips and begin reading...
You add the spells Necrotise and Apportation to your library.
Okay, then.
You open the door.
There is an open door here.
A jelly comes into view.
Found a stone staircase leading down.
You feel a surge of power!
The zap hits the jelly.
The jelly is lightly wounded.
The jelly quivers.
The jelly barely misses you.
You feel a surge of power!
The zap hits the jelly.
The jelly is moderately wounded.
The jelly hits you.
You are splashed with acid!
You feel a surge of power!
The zap hits the jelly!
The jelly is heavily wounded.
The jelly hits you.
You are splashed with acid!
* * * LOW HITPOINT WARNING * * *
The jelly attacks as you move away! The jelly closely misses you.
The jelly attacks as you move away! The jelly closely misses you.
The jelly attacks as you move away! The jelly barely misses you.
You are too injured to fight recklessly!
Casting: Shock (safe; 3% risk of failure)
Confirm with . or Enter, or press ? or * to list all spells.
Aiming: Shock (safe; 3% risk of failure)
Press: ? - help, Shift-Dir - straight line, f/p - jelly
Aim: a jelly (heavily wounded, 100% to hit)
You feel a surge of power!
The zap hits the jelly.
The jelly is heavily wounded.
The jelly closely misses you.
Casting: Shock (safe; 3% risk of failure)
Confirm with . or Enter, or press ? or * to list all spells.
Aiming: Shock (safe; 3% risk of failure)
Press: ? - help, Shift-Dir - straight line, f/p - jelly
Aim: a jelly (heavily wounded, 100% to hit)
You feel a surge of power!
The zap hits the jelly.
The jelly is severely wounded.
The jelly hits you.
You are splashed with acid!
You die...

#.####.# ..
####### #......#
...
###.....###.######
....
#[.....[......#
...##
#.#.....###.#.#
....#####'#.....#
#.#.#
#.............#
#.# #
##............#
#.# #......@.....#
#.#
#.####J###........
#..###.# #.#####.#
##...#.# #.#
######.#.#
..........#
.#######.##
...........#
.......###.....


You could see a jelly.

Vanquished Creatures
  2 adders (D:3)
  2 dart slugs
  2 bats
  6 endoplasms
  4 giant cockroaches
  3 hobgoblins
  7 jackals (D:1)
  5 quokkas
  7 ball pythons
  10 frilled lizards
  6 kobolds
  3 rats (D:1)
57 creatures vanquished.

Notes
Turn   | Place    | Note
-------+----------+-------------------------------------------
     0 | D:1      | Dawnplanks the Tengu Air Elementalist began the quest for
                  | the Orb.
     0 | D:1      | Reached XP level 1. HP: 10/10 MP: 4/4
   255 | D:1      | Reached XP level 2. HP: 15/15 MP: 0/6
   739 | D:1      | Reached XP level 3. HP: 19/19 MP: 3/7
  1308 | D:1      | Found a faded altar of an unknown god.
  1904 | D:2      | Learned a level 3 spell: Mephitic Cloud
  2104 | D:3      | Reached skill level 5 in Air Magic
  2104 | D:3      | Reached XP level 4. HP: 24/24 MP: 3/9
  2323 | D:3      | Found a white marble altar of Elyvilon.
  3069 | D:4      | Splashed by a jelly's acid

Illustrated notes

Levels and vault maps discovered:
D:1:      sevenhm_arrival_forest_fort_small_6, layout_rooms,
          hellmonk_ecumenical_altar_inner_sanctum, corexii_hall_statues_x,
          minmay_lizard_pond
D:2:      layout_loops_ring, st_stairs_7, minivault_11
D:3:      layout_loops_ring, elyvilon_altar_4, bh_walls_and_bars
D:4:      layout_basic

Skill      XL: |  1  2  3 |
---------------+----------+-----
Conjurations   | 2 |  2.1
Air Magic      | 5 |  5.2
Fighting       | |  0.1
Dodging        | |  2.7
Stealth        | |  2.1
Spellcasting   | |  2.9

Action                     |  1- 3 |  4- 6 || total
---------------------------+-------+-------++-------
  Melee: Unarmed           |    28 |       ||    28
         Peck              |     6 |       ||     6
         Kick              |     8 |       ||     8
         Staff             |     6 |       ||     6
   Cast: Shock             |    82 |    20 ||   102
 Armour: Robe              |     6 |       ||     6
  Dodge: Dodged            |    28 |     5 ||    33

Table legend: (Time is in decaauts)
 A = Elapsed time spent in this place.
 B = Non-inter-level travel time spent in this place.
 C = Inter-level travel time spent in this place.
 D = Time resting spent in this place.
 E = Time spent auto-exploring this place.
 F = Levels seen in this place.
 G = Mean time per level.
                   A        B        C        D        E       F      G
               +--------+--------+--------+--------+--------+-----+--------+
         Total |   3067 |   2953 |    114 |      0 |   2656 |   4 |  766.8 |
       Dungeon |   3067 |   2953 |    114 |      0 |   2656 |   4 |  766.8 |
               +--------+--------+--------+--------+--------+-----+--------+

Top non-repeatable levels by time:
     D:1: 1333 daAuts
     D:3: 833 daAuts
     D:2: 737 daAuts
     D:4: 162 daAuts
